 Dungeon Crawl Stone Soup version 0.23-a0-49-gd9f7a49 (webtiles) character file.

119 Amnesiac the Digger (level 4, -8/30 HPs)
             Began as a Mummy Earth Elementalist on Aug 6, 2018.
             Mangled by an ogre
             ... wielding a +0 giant club
              (18 damage)
             ... on level 4 of the Dungeon.
             The game lasted 00:01:28 (225 turns).

Amnesiac the Digger (Mummy Earth Elementalist)       Turns: 225, Time: 00:01:29

Health: -8/30      AC:  2    Str: 11    XL:     4   Next: 74%
Magic:  1/9        EV: 12    Int: 15    God:
Gold:   17         SH:  0    Dex: 12    Spells: 4/10 levels left

rFire    x . .     SeeInvis .   (no weapon)
rCold    + . .     Gourm    .   (no shield)
rNeg     + + +     Faith    .   c - +0 robe
rPois    ∞         Spirit   .   (no helmet)
rElec    .         Reflect  .   (no cloak)
rCorr    .         Harm     .   (no gloves)
MR       .....                  (no boots)
Stlth    ++........             (no amulet)
HPRegen  0.10/turn              (no ring)
MPRegen  0.11/turn              (no ring)

@: no status effects
A: no food or potions, fire vulnerability, cold resistance 1, negative energy
resistance 3, torment resistance, unbreathing
a: no special abilities


You were on level 4 of the Dungeon.
You were not hungry.

You visited 1 branch of the dungeon, and saw 4 of its levels.

You collected 17 gold pieces.

Inventory:

Missiles
 b - 33 stones (quivered)
Armour
 c - a +0 robe (worn)
Scrolls
 a - a scroll of magic mapping {!r, unknown}
 d - a scroll of fog {!r, unknown}


   Skills:
 - Level 1.5 Dodging
 - Level 1.5 Stealth
 + Level 3.5 Spellcasting
 - Level 0.7 Transmutations
 - Level 4.2 Earth Magic


You had 4 spell levels left.
You knew the following spells:

 Your Spells              Type           Power        Failure   Level  Hunger
a - Sandblast             Erth           ###...       3%          1    N/A
b - Passwall              Tmut/Erth      ##......     11%         2    N/A
c - Stone Arrow           Conj/Erth      #.....       24%         3    N/A

Your spell library contained the following spells:

 Spells                   Type           Power        Failure   Level  Hunger
 Lee's Rapid Deconstruct  Erth           ###.......   65%         5    N/A
 Petrify                  Tmut/Erth      ##......     56%         4    N/A

Dungeon Overview and Level Annotations

Branches:
Dungeon (4/15)
 Temple: D:4-7

Altars:


Innate Abilities, Weirdness & Mutations

You do not eat or drink.
Your flesh is vulnerable to fire.
You are immune to poison.
Your flesh is cold resistant. (rC+)
You are immune to negative energy. (rN+++)
You are immune to unholy pain and torment.
You can survive without breathing.


Message History

You start memorising the spell.
You continue memorising. x2
You finish memorising.
Spell assigned to 'b'.
Memorise Stone Arrow, consuming 3 spell levels and leaving 3?
You start memorising the spell.
You continue memorising. x3
You finish memorising.
Spell assigned to 'c'.
You can't memorise that many levels of magic yet!
Okay, then.
Casting: Sandblast (safe; 3% risk of failure)
Confirm with . or Enter, or press ? or * to list all spells.
Aiming: Sandblast (safe; 3% risk of failure)
Press: ? - help, Shift-Dir - straight line, f - worm
Aim: a worm The blast of sand hits the worm.
The worm is moderately wounded.
b - 37 stones
Casting: Sandblast (safe; 3% risk of failure)
Confirm with . or Enter, or press ? or * to list all spells.
Aiming: Sandblast (safe; 3% risk of failure)
Press: ? - help, Shift-Dir - straight line, f/p - worm
Aim: a worm (moderately wounded)
The blast of sand hits the worm.
The worm is severely wounded.
b - 36 stones
Casting: Sandblast (safe; 3% risk of failure)
Confirm with . or Enter, or press ? or * to list all spells.
Aiming: Sandblast (safe; 3% risk of failure)
Press: ? - help, Shift-Dir - straight line, f/p - worm
Aim: a worm (severely wounded)
The blast of sand hits the worm.
You kill the worm!
b - 35 stones
Casting: Sandblast (safe; 3% risk of failure)
Confirm with . or Enter, or press ? or * to list all spells.
You don't have enough magic to cast that spell.
Casting: Sandblast (safe; 3% risk of failure)
Confirm with . or Enter, or press ? or * to list all spells.
You don't have enough magic to cast that spell.
You start resting.
HP restored.
An ogre comes into view. It is wielding a giant club.
The ogre shouts!
You hear a shout! x2
Casting: Sandblast (safe; 3% risk of failure)
Confirm with . or Enter, or press ? or * to list all spells.
Aiming: Sandblast (safe; 3% risk of failure)
Press: ? - help, Shift-Dir - straight line, f - ogre
Aim: an ogre, wielding a giant club The blast of sand hits the ogre.
The ogre is lightly wounded.
b - 34 stones The ogre hits you with a giant club!!
Ouch! That really hurt!
* * * LOW HITPOINT WARNING * * *
Unknown command.
Casting: Sandblast (safe; 3% risk of failure)
Confirm with . or Enter, or press ? or * to list all spells.
Aiming: Sandblast (safe; 3% risk of failure)
Press: ? - help, Shift-Dir - straight line, f/p - ogre
Aim: an ogre, wielding a giant club (lightly wounded)
The blast of sand hits the ogre.
The ogre is heavily wounded.
b - 33 stones The ogre hits you with a giant club!!
Ouch! That really hurt!
You die...

##.##.......#
#.##)#.....#
#.#..<.....#
#..###.##.##
#...........
##.###.##.##.#
#########.# #.##.#
#
#.........###....#
....#####..O@.# .
..#####.########
................
..#####.########
#.........
#..####### #..#
#... #.##


You could see an ogre.

Vanquished Creatures
  An ogre (D:4)
  A bullfrog skeleton (D:4)
  A worm (D:4)
  A goblin (D:3)
  A hobgoblin (D:2)
5 creatures vanquished.

Notes
Turn   | Place    | Note
-------+----------+-------------------------------------------
     0 | D:1      | Amnesiac the Mummy Earth Elementalist began the quest for the Orb.
     0 | D:1      | Reached XP level 1. HP: 13/13 MP: 4/4
   140 | D:4      | Noticed an ogre
   145 | D:4      | Killed an ogre
   145 | D:4      | Reached skill level 4 in Earth Magic
   145 | D:4      | Reached XP level 2. HP: 19/19 MP: 1/5
   145 | D:4      | Reached XP level 3. HP: 24/24 MP: 1/7
   145 | D:4      | Reached XP level 4. HP: 30/30 MP: 1/8
   190 | D:4      | Learned a level 2 spell: Passwall
   194 | D:4      | Learned a level 3 spell: Stone Arrow
   218 | D:4      | Noticed an ogre
   225 | D:4      | Mangled by an ogre

Vault maps used:
D:1:      lemuel_arrival_tunnels
D:2:      lemuel_round_altar, minmay_cupped
D:3:      first_ration, uniq_robin
D:4:      nicolae_ossuary_entry_monument

Skill      XL: |  1  2  3  4 |
---------------+-------------+-----
Earth Magic    | 4 |  4.2
Spellcasting   | 3 |  3.5
Dodging        | |  1.5
Stealth        | |  1.5
Transmutations | |  0.7

Action                   |  1- 3 |  4- 6 || total
-------------------------+-------+-------++-------
 Cast: Sandblast         |     4 |    10 ||    14
Dodge: Dodged            |       |     3 ||     3

Table legend:
 A = Spawn XP
 B = Non-spawn XP
 C = Spawn XP percentage of total XP
 D = Spawn monster count
 E = Non-spawn monster count
 F = Spawn count percentage of total count
 G = Total turns spent on level
                    A         B        C        D         E        F      G
               +---------+---------+-------+---------+---------+-------+---------
         Total |       0 |     171 |   0.0 |       0 |       5 |   0.0 |   225
               +---------+---------+-------+---------+---------+-------+---------
           D:2 |       0 |       2 |   0.0 |       0 |       1 |   0.0 |    40
           D:3 |       0 |       2 |   0.0 |       0 |       1 |   0.0 |    43
           D:4 |       0 |     167 |   0.0 |       0 |       3 |   0.0 |    86
               +---------+---------+-------+---------+---------+-------+---------
